 Dungeon Crawl Stone Soup version 0.28.0-45-g0d030f2227 (webtiles) character file.

Game seed: 3099738443054548742

67 seaoflcl the Covered (level 4, 0/35 HPs)
             Began as a Human Fighter on Apr 10, 2022.
             Was a Believer of Uskayaw.
             Slain by a goblin
             ... wielding a +0 club
             ... led by Robin
              (4 damage)
             ... on level 3 of the Dungeon.
             The game lasted 00:03:04 (2112 turns).

seaoflcl the Covered (Human Fighter)                Turns: 2112, Time: 00:03:05

Health: 0/35       AC:  6    Str: 18    XL:     4   Next: 38%
Magic:  2/4        EV:  9    Int:  9    God:    Uskayaw [**....]
Gold:   58         SH:  0    Dex: 12    Spells: 3/3 levels left

rFire   . . .      SeeInvis .   a - +0 long sword
rCold   . . .      Faith    .   o - orb {*Rage}
rNeg    . . .      Spirit   .   b - +0 scale mail
rPois   .          Reflect  .   (no helmet)
rElec   .          Harm     .   (no cloak)
rCorr   .          Rampage  .   (no gloves)
Will    .....      Rage     20% (no boots)
Stlth   ..........              (no amulet)
HPRegen 0.11/turn               (no ring)
MPRegen 0.09/turn               (no ring)

@: on berserk cooldown
A: no striking features
a: Renounce Religion, Stomp, Line Pass


You were on level 3 of the Dungeon.
You worshipped Uskayaw.
Uskayaw was noncommittal.
You visited 1 branch of the dungeon, and saw 3 of its levels.

You collected 58 gold pieces.

Inventory:

Hand Weapons
 a - a +0 long sword (weapon)
Armour
 b - a +0 scale mail (worn)
 c - a +0 buckler
 o - an orb of wrath (worn)
Wands
 l - a wand of flame (19)
Scrolls
 f - a scroll of identify {unknown}
 h - a scroll of blinking {unknown}
 i - a scroll of vulnerability {unknown}
 k - a scroll of noise {unknown}
 n - a scroll of enchant armour {unknown}
Potions
 d - a potion of might
 e - 3 potions of attraction {unknown}
 g - a potion of cancellation {unknown}
 j - a potion of curing {unknown}
 m - a potion of heal wounds {unknown}


   Skills:
 + Level 3.3 Fighting
 + Level 3.1 Long Blades
 + Level 3.5 Armour
 + Level 3.3 Shields


You had 3 spell levels left.
You didn't know any spells.
Your spell library was empty.

Dungeon Overview and Level Annotations

Branches:
Dungeon (3/15)

Altars:
Hepliaklqana
Uskayaw

Annotations:
D:3 Robin


Message History

The dart slug launches a dart at you. The slug dart misses you.
You can now stomp with the beat.
A hobgoblin comes into view.
The dart slug launches a dart at you.
The slug dart hits you but does no damage.
A goblin comes into view. It is wielding a +0 club.
Items here: )))) ††.
You slash the dart slug!
You kill the dart slug!
A kobold comes into view. It is wielding a +0 club.
A goblin comes into view. It is wielding a +1 dagger of venom.
Robin hits you but does no damage.
The kobold moves out of view.
The goblin moves out of view.
You closely miss Robin. Robin throws the goblin at you!
The goblin barely misses you.
A goblin comes into view. It is wielding a +0 dagger.
Robin closely misses you.
A goblin comes into view. It is wielding a +0 dagger.
The goblin hits you with a +0 club.
The goblin shouts!
You slash Robin!
Robin is severely wounded.
Robin hits you but does no damage. The goblin closely misses you.
Robin hits you with a +0 mace. The goblin closely misses you.
You can now pass through a line of other dancers.
You closely miss Robin.
Robin is severely wounded.
You feel yourself speed up.
The kobold shouts!
Robin throws the goblin at you! The goblin barely misses you.
The goblin hits you but does no damage.
You barely miss Robin.
Robin is severely wounded.
The goblin hits you with a +0 club. Robin hits you with a +0 mace.
* * * LOW HITPOINT WARNING * * *
The goblin hits you with a +0 dagger.
* * * LOW HITPOINT WARNING * * *
The goblin hits you with a +0 club.
You die...

#.##### #.....# . ####
###.....# ..
...###.......# ...
#..###.....<# ..####
#...#......#. ..K#
#...##.......
#g#####..).........
#g@gg#..#.)>.......
#####g...#>#.#.....#
.........!...#.#...<..
#######.>......##.....
#...##.##........
#........#####w....
#.....#### .....
#......# .... ##.gg###


You could see Robin, a hobgoblin (strong), 3 goblins and a kobold.

Vanquished Creatures
  3 worms
  2 dart slugs
  3 ball pythons
  5 endoplasms
  A giant cockroach (D:1)
  A hobgoblin (D:1)
  3 jackals (D:2)
  6 kobolds
  3 quokkas
  8 bats
  3 frilled lizards (D:1)
  10 goblins
  4 rats (D:1)
52 creatures vanquished.

Vanquished Creatures (others)
  3 plants (D:2)
3 creatures vanquished.

Grand Total: 55 creatures vanquished

Notes
Turn   | Place    | Note
-------+----------+-------------------------------------------
     0 | D:1      | seaoflcl the Human Fighter began the quest for the Orb.
     0 | D:1      | Reached XP level 1. HP: 18/18 MP: 1/1
   137 | D:1      | Reached XP level 2. HP: 22/24 MP: 2/2
   672 | D:1      | Reached XP level 3. HP: 28/29 MP: 3/3
   905 | D:1      | Found a faded altar of an unknown god.
   924 | D:1      | Prayed at the altar of an unknown god.
   924 | D:1      | Became a worshipper of Uskayaw the Reveller
   924 | D:1      | Reached * piety under Uskayaw
  1172 | D:2      | Reached ** piety under Uskayaw
  1548 | D:2      | Found a hazy altar of Hepliaklqana.
  1619 | D:2      | Reached XP level 4. HP: 35/35 MP: 4/4
  2094 | D:3      | Noticed Robin
  2112 | D:3      | Slain by a goblin

Illustrated notes

Levels and vault maps discovered:
D:1:      minmay_arrival_radiant_lines, layout_loops_cross,
          shapermc_ecumenical_altar_totnotflames, patterned_corridor
D:2:      layout_loops_ring, serial_forest, infiniplex_forest_end_1,
          infiniplex_forest_clump_double, infiniplex_forest_zigzag_1,
          infiniplex_forest_end_double, basic_altar
D:3:      layout_rooms, nicolae_hepliaklqana_hippocampus, serial_rivers,
          chequers_serial_rivers_large_b, chequers_serial_rivers_small_b,
          chequers_serial_rivers_micro_a, chequers_serial_rivers_room_a,
          minivault_23, uniq_robin

Skill      XL: |  1  2  3  4 |
---------------+-------------+-----
Long Blades    | 3 |  3.1
Fighting       | |  3.3
Armour         | |  3.5
Shields        | |  3.3

Action                   |  1- 3 |  4- 6 || total
-------------------------+-------+-------++-------
Melee: Long sword        |   113 |    29 ||   142
Invok: Stomp             |       |     1 ||     1
Armor: Scale mail        |    51 |    28 ||    79
Dodge: Dodged            |    59 |    18 ||    77
Block: Buckler           |    29 |       ||    29
